 Dungeon Crawl Stone Soup version 0.27-a0-1273-gec92ba881d (webtiles) character file.

Game seed: 4221158463670546138

515 ZappyNine the Cutter (level 7, 0/44 HPs)
             Began as a Kobold Warper on June 11, 2021.
             Splashed by a jelly's acid (8 damage)
             ... on level 4 of the Dungeon.
             The game lasted 00:05:42 (5156 turns).

ZappyNine the Cutter (Kobold Warper)                Turns: 5156, Time: 00:05:42

Health: 0/44       AC: -4    Str: 12    XL:     7   Next: 44%
Magic:  3/11       EV: 14    Int: 14    God:
Gold:   129        SH:  0    Dex: 16    Spells: 6/11 levels left

rFire    . . .     SeeInvis .   f - +9 quick blade
rCold    . . .     Faith    .   (shield restricted)
rNeg     . . .     Spirit   .   b - +1 leather armour
rPois    +         Reflect  .   (no helmet)
rElec    .         Harm     .   (no cloak)
rCorr    .         Rampage  .   g - +2 pair of gloves {Str+3}
Will     .....                  (no boots)
Stlth    ++++......             (no amulet)
HPRegen  0.14/turn              m - ring of poison resistance
MPRegen  0.12/turn              (no ring)

@: corroded
A: small, no large weapons, nightstalker 3
a: no special abilities


You were on level 4 of the Dungeon.
You visited 1 branch of the dungeon, and saw 4 of its levels.

You collected 129 gold pieces.

Inventory:

Hand Weapons
 f - a +9 quick blade (weapon)
Missiles
 e - 5 boomerangs of dispersal (quivered)
 k - 8 boomerangs
Armour
 b - a +1 leather armour (worn)
 g - a +2 pair of gloves of strength (worn)
Jewellery
 m - a ring of poison resistance (left hand)
Scrolls
 c - a scroll of magic mapping {unknown}
 d - a scroll of blinking
 h - 2 scrolls of identify
Potions
 a - a potion of haste {unknown}
 i - a potion of ambrosia {unknown}
 j - a potion of attraction
 l - a potion of berserk rage {unknown}
 n - a potion of curing {unknown}
 o - a potion of degeneration {unknown}
 p - a potion of mutation {unknown}


   Skills:
 + Level 4.9 Fighting
 + Level 5.2 Short Blades
 - Level 1.1 Throwing
 - Level 0.7 Armour
 - Level 2.4 Dodging
 + Level 5.1 Stealth
 - Level 2.8 Spellcasting
 + Level 4.0 Translocations


You had 6 spell levels left.
You knew the following spells:

 Your Spells              Type           Power      Damage    Failure   Level
a - Teleport Other        Tloc           13%        N/A       16%         3
b - Blink                 Tloc           N/A        N/A       8%          2

Your spell library contained the following spells:

 Spells                   Type           Power      Damage    Failure   Level
 Gell's Gravitas          Tloc           6%         N/A       16%         3
 Lesser Beckoning         Tloc           6%         N/A       16%         3
 Magic Dart               Conj           4%         1d3       28%         1
 Searing Ray              Conj           2%         3d3       38%         2
 Dazzling Flash           Conj/Hex       2%         N/A       63%         3
 Iskenderun's Mystic Bla  Conj/Tloc      7%         2d4       75%         4
 Manifold Assault         Tloc           13%        N/A       82%         5
 Fulminant Prism          Conj/Hex       0%         3d6       95%         4


Dungeon Overview and Level Annotations

Branches:
Dungeon (4/15)
 Temple: D:4-7

Altars:

Shops:
D:2 ?


Innate Abilities, Weirdness & Mutations

You are small and have problems with some larger weapons.
You are completely attuned to the shadows.


Message History

Confirm with . or Enter, or press ? or * to list all spells.
Aiming: Teleport Other (dangerous; 16% risk of failure)
Press: ? - help, Shift-Dir - straight line, f - jelly
Aim: a jelly (moderately wounded, chance to affect: 58%)
The jelly resists with significant effort.
The jelly hits you.
* * * LOW HITPOINT WARNING * * *
The acid corrodes you!
You are splashed with acid!
* * * LOW HITPOINT WARNING * * *
You see here a dart slug corpse.
There is an open door here.
Casting: Teleport Other (dangerous; 16% risk of failure)
Confirm with . or Enter, or press ? or * to list all spells.
You blink.
Casting: Blink (safe; 8% risk of failure)
Confirm with . or Enter, or press ? or * to list all spells.
You blink.
You see here a +0 dagger.
Casting: Blink (safe; 8% risk of failure)
Confirm with . or Enter, or press ? or * to list all spells.
Aiming: Teleport Other (dangerous; 16% risk of failure)
Press: ? - help, Shift-Dir - straight line, f/p - jelly
Aim: a jelly (moderately wounded, chance to affect: 58%)
The jelly resists with significant effort.
Unknown command.
Unknown command.
Casting: Teleport Other (dangerous; 16% risk of failure)
Confirm with . or Enter, or press ? or * to list all spells.
You blink.
The jelly jiggles.
The jelly jiggles.
There is an open door here.
You see here a dart slug corpse.
You close the door.
You hear a slurping noise.
The jelly eats the door!
The jelly hits you.
* * * LOW HITPOINT WARNING * * *
The acid corrodes you!
You are splashed with acid!
You die...

..##..)##...###.....
#### +...).#....)......
#..# #.....#...........
[..)##...).#..........#
(.$†'#'...##.....#....#
#.$##)#####............
## #'#....[...........
##.##.##............
#(.@J..#............
#.##.##...............
#..###.......)........
.............)...###..
##................###..
..>....................
....#.#..............##
.............#.#.......
.....##......#.#.......


You could see a jelly.

Vanquished Creatures
  A black bear (D:3)
  A scorpion (D:4)
  A water moccasin skeleton (D:4)
  2 hounds
  A gnoll shaman (D:4)
  An orc priest (D:4)
  An orc wizard (D:4)
  4 adders
  2 river rats (D:3)
  An adder skeleton (D:4)
  A worm (D:3)
  2 dart slugs (D:4)
  13 orcs
  2 ball pythons
  5 endoplasms
  2 giant cockroaches (D:2)
  9 goblins
  9 hobgoblins
  10 jackals
  13 kobolds
  3 quokkas
  9 bats
  5 frilled lizards
  6 rats
104 creatures vanquished.

Notes
Turn   | Place    | Note
-------+----------+-------------------------------------------
     0 | D:1      | ZappyNine the Kobold Warper began the quest for the Orb.
     0 | D:1      | Reached XP level 1. HP: 12/12 MP: 3/3
   244 | D:1      | Found a faded altar of an unknown god.
   521 | D:1      | Reached skill level 1 in Stealth
   521 | D:1      | Reached XP level 2. HP: 2/18 MP: 5/5
  1494 | D:1      | Reached XP level 3. HP: 22/22 MP: 6/6
  2163 | D:1      | You fall into a shaft and drop 1 floor!
  2208 | D:2      | Reached XP level 4. HP: 27/28 MP: 7/7
  3060 | D:2      | Found Fohoy's Magic Scroll Boutique.
  3616 | D:2      | Learned a level 3 spell: Teleport Other
  3619 | D:2      | Learned a level 2 spell: Blink
  3827 | D:3      | Noticed a black bear
  3840 | D:2      | Reached XP level 5. HP: 32/32 MP: 9/9
  3844 | D:2      | Identified 2 scrolls of acquirement
  3844 | D:2      | Acquired a +9 quick blade
  3847 | D:2      | Acquired a +2 pair of gloves of strength
  4144 | D:3      | Killed a black bear
  4145 | D:3      | Reached XP level 6. HP: 34/38 MP: 10/10
  4978 | D:4      | Reached XP level 7. HP: 44/44 MP: 11/11
  5023 | D:4      | Reached skill level 5 in Short Blades
  5100 | D:4      | Reached skill level 5 in Stealth
  5156 | D:4      | Splashed by a jelly's acid

Illustrated notes

Levels and vault maps discovered:
D:1:      dpeg_arrival_tiny_a, layout_loops_ring, shapermc_ecumenical_altar_venn
D:2:      layout_basic, serial_shops, nicolae_shop_window_shopping
D:3:      layout_basic, lightli_sewer_entry_pipes,
          hangedman_abyss_or_decor_stabs
D:4:      layout_basic, minmay_joined_circles, uniq_grinder

Skill      XL: |  1  2  3  4  5  6  7 |
---------------+----------------------+-----
Short Blades   | 3 4 5 |  5.2
Stealth        | 1 2 3 4 5 |  5.1
Fighting       | 3 4 |  4.9
Translocations | 4 |  4.0
Throwing       | |  1.1
Armour         | |  0.7
Dodging        | |  2.4
Spellcasting   | |  2.8

Action                   |  1- 3 |  4- 6 |  7- 9 || total
-------------------------+-------+-------+-------++-------
Melee: Short sword       |    58 |       |       ||    58
       Whip              |    79 |    83 |       ||   162
       Quick blade       |       |    66 |    44 ||   110
 Cast: Teleport Other    |       |     1 |     2 ||     3
       Blink             |       |       |     3 ||     3
  Use: Potion            |     1 |       |       ||     1
       Scroll            |       |     6 |       ||     6
 Stab: Sleeping          |    12 |    13 |     1 ||    26
Armor: Leather armour    |    29 |    34 |     7 ||    70
       Skin              |     3 |       |       ||     3
Dodge: Dodged            |    89 |   102 |    18 ||   209

Table legend: (Time is in decaauts)
 A = Elapsed time spent in this place.
 B = Non-inter-level travel time spent in this place.
 C = Inter-level travel time spent in this place.
 D = Time resting spent in this place.
 E = Time spent auto-exploring this place.
 F = Levels seen in this place.
 G = Mean time per level.
                   A        B        C        D        E       F      G
               +--------+--------+--------+--------+--------+-----+--------+
         Total |   5155 |   5063 |     92 |   1160 |   3163 |   4 | 1288.8 |
       Dungeon |   5155 |   5063 |     92 |   1160 |   3163 |   4 | 1288.8 |
               +--------+--------+--------+--------+--------+-----+--------+

Top non-repeatable levels by time:
     D:1: 2364 daAuts
     D:2: 1521 daAuts
     D:3: 905 daAuts
     D:4: 363 daAuts
